[ AOE2 MATCH · #508080979 ]
UnrankedKoreans vs Tupi
Player's team · WIN
Rival team · LOSS
[ REPLAY ANALYSIS · EXTRACTED FROM THE RECORDED GAME ]
Feudal
8:13
Castle
20:52
Imperial
34:51
| APM avg | 41.6 |
| APM peak | 116 |
| eAPM avg | 27.0 |
| Villagers / military | 236 / 194 |
Focus
⚔️ 36.9% · 🌾 63.1%
Fire Lancer ×83 · War Wagon ×79 · Iron Pagoda ×18 · Trebuchet (Packed) ×10 · Monk ×2 · Bombard Cannon ×2
Feudal
10:42
Castle
24:42
Imperial
39:22
| APM avg | 26.1 |
| APM peak | 45 |
| eAPM avg | 17.8 |
| Villagers / military | 144 / 23 |
Focus
⚔️ 32.2% · 🌾 67.8%
Unknown (2550) ×134 · Unknown (2579) ×18 · Battering Ram ×14 · Mangonel ×5 · Monk ×2 · Trebuchet (Packed) ×2
Match map
Initial resources + every placement click. Lines = walls · curves = elevation contours. ◆ gold · ⬟ stone · ● berries · ✦ relic · ◌ wall gap
Your base· ✓ Closed at 20:52 · 7t walls · 4 gate(s)
Jhoonas's base· ✓ Closed at 24:42 · 9t walls · 4 gate(s)
Smoothed initial terrain · ◌ = detected wall gap · hover for details
Inputs per minute
— Corzak - - Jhoonas
Build order — Corzak
First 150 of 583 actions detected
| 0:01 | Create | Villager (Male) |
| 0:01 | Create | Villager (Male) |
| 0:02 | Build | House |
| 0:03 | Build | House |
| 0:09 | Create | Villager (Male) |
| 0:18 | Create | Villager (Male) |
| 1:37 | Create | Villager (Male) |
| 1:50 | Create | Villager (Male) |
| 2:09 | Build | Lumber Camp |
| 2:12 | Create | Villager (Male) |
| 2:38 | Create | Villager (Male) |
| 2:38 | Create | Villager (Male) |
| 3:01 | Build | House |
| 3:13 | Create | Villager (Male) |
| 3:32 | Build | House |
| 3:36 | Create | Villager (Male) |
| 3:37 | Create | Villager (Male) |
| 3:44 | Create | Villager (Male) |
| 4:23 | Create | Villager (Male) |
| 4:46 | Create | Villager (Male) |
| 4:47 | Create | Villager (Male) |
| 5:05 | Create | Villager (Male) |
| 5:06 | Create | Villager (Male) |
| 5:10 | Research | Loom |
| 5:24 | Build | Mining Camp |
| 6:03 | Research | Feudal Age |
| 6:11 | Build | House |
| 7:02 | Build | House |
| 7:51 | Create | Villager (Male) |
| 8:13 | Age | Feudal Age |
| 8:18 | Build | Watch Tower |
| 8:28 | Research | Double-Bit Axe |
| 8:28 | Create | Villager (Male) |
| 8:29 | Create | Villager (Male) |
| 8:39 | Create | Villager (Male) |
| 9:16 | Build | Mill |
| 9:26 | Create | Villager (Male) |
| 9:46 | Create | Villager (Male) |
| 10:07 | Build | Farm |
| 10:12 | Build | Watch Tower |
| 10:37 | Create | Villager (Male) |
| 11:02 | Build | Watch Tower |
| 11:12 | Create | Villager (Male) |
| 11:12 | Create | Villager (Male) |
| 11:20 | Create | Villager (Male) |
| 11:21 | Build | Blacksmith |
| 11:52 | Create | Villager (Male) |
| 12:01 | Create | Villager (Male) |
| 12:01 | Create | Villager (Male) |
| 12:11 | Build | Watch Tower |
| 12:22 | Research | Fletching |
| 12:24 | Build | Palisade Wall |
| 12:29 | Build | Palisade Wall |
| 12:30 | Build | Palisade Wall |
| 12:38 | Create | Villager (Male) |
| 12:45 | Build | House |
| 12:55 | Build | Palisade Wall |
| 13:06 | Build | House |
| 13:11 | Build | Farm |
| 13:13 | Build | Farm |
| 13:14 | Build | Farm |
| 13:17 | Create | Villager (Male) |
| 13:47 | Build | Palisade Wall |
| 13:49 | Build | Palisade Wall |
| 13:50 | Build | Palisade Wall |
| 13:55 | Create | Villager (Male) |
| 13:56 | Build | Farm |
| 13:56 | Build | Farm |
| 14:21 | Create | Villager (Male) |
| 14:34 | Create | Villager (Male) |
| 15:05 | Create | Villager (Male) |
| 15:06 | Build | Market |
| 15:31 | Build | Watch Tower |
| 15:37 | Create | Villager (Male) |
| 15:54 | Create | Villager (Male) |
| 15:55 | Create | Villager (Male) |
| 15:56 | Build | Farm |
| 15:57 | Build | Farm |
| 15:59 | Build | Mining Camp |
| 16:15 | Create | Villager (Male) |
| 16:42 | Create | Villager (Male) |
| 17:50 | Build | Watch Tower |
| 17:53 | Build | House |
| 18:12 | Research | Castle Age |
| 18:59 | Research | Horse Collar |
| 19:29 | Research | Gold Mining |
| 19:29 | Research | Gold Mining |
| 20:14 | Research | Stone Mining |
| 20:32 | Build | Watch Tower |
| 20:43 | Build | Watch Tower |
| 20:52 | Age | Castle Age |
| 20:58 | Research | Bodkin Arrow |
| 21:10 | Build | Siege Workshop |
| 21:17 | Build | Siege Workshop |
| 21:24 | Build | Farm |
| 21:25 | Build | Farm |
| 21:35 | Create | Villager (Male) |
| 21:35 | Create | Villager (Male) |
| 21:39 | Build | Barracks |
| 21:48 | Build | House |
| 22:05 | Create | Iron Pagoda |
| 22:07 | Create | Villager (Male) |
| 22:08 | Create | Villager (Male) |
| 22:13 | Build | Farm |
| 22:26 | Build | House |
| 22:32 | Create | Iron Pagoda |
| 22:36 | Create | Villager (Male) |
| 22:38 | Create | Fire Lancer |
| 22:38 | Create | Fire Lancer |
| 22:45 | Create | Villager (Male) |
| 22:46 | Create | Villager (Male) |
| 22:58 | Build | Farm |
| 23:00 | Build | Farm |
| 23:12 | Create | Villager (Male) |
| 23:26 | Build | Watch Tower |
| 23:44 | Build | Farm |
| 23:45 | Create | Villager (Male) |
| 23:45 | Create | Villager (Male) |
| 24:05 | Create | Villager (Male) |
| 24:16 | Build | House |
| 24:19 | Create | Villager (Male) |
| 24:19 | Create | Villager (Male) |
| 24:27 | Create | Villager (Male) |
| 24:33 | Build | Town Center |
| 24:58 | Create | Iron Pagoda |
| 25:02 | Create | Villager (Male) |
| 25:03 | Create | Villager (Male) |
| 25:04 | Build | House |
| 25:05 | Build | House |
| 25:12 | Research | Bow Saw |
| 25:19 | Create | Villager (Male) |
| 25:19 | Create | Villager (Male) |
| 25:29 | Build | House |
| 25:46 | Create | Villager (Male) |
| 25:48 | Build | Monastery |
| 25:58 | Create | Villager (Male) |
| 25:58 | Create | Villager (Male) |
| 26:14 | Build | Watch Tower |
| 26:17 | Create | Villager (Male) |
| 26:25 | Build | Mining Camp |
| 26:32 | Build | Farm |
| 26:35 | Create | Monk |
| 26:35 | Create | Monk |
| 26:37 | Create | Villager (Male) |
| 26:37 | Create | Villager (Male) |
| 26:39 | Build | Farm |
| 26:39 | Build | Farm |
| 26:40 | Build | Farm |
| 26:47 | Create | Villager (Male) |
| 26:48 | Create | Villager (Male) |
Build order — Jhoonas
First 150 of 432 actions detected
| 0:00 | Create | Villager (Male) |
| 0:01 | Create | Villager (Male) |
| 0:01 | Create | Villager (Male) |
| 0:01 | Create | Villager (Male) |
| 0:03 | Build | House |
| 0:04 | Build | House |
| 1:03 | Create | Villager (Male) |
| 1:37 | Create | Villager (Male) |
| 2:01 | Create | Villager (Male) |
| 2:13 | Build | Settlement |
| 2:42 | Create | Villager (Male) |
| 3:01 | Create | Villager (Male) |
| 3:35 | Create | Villager (Male) |
| 3:43 | Create | Villager (Male) |
| 4:09 | Create | Villager (Male) |
| 4:34 | Create | Villager (Male) |
| 5:08 | Build | Settlement |
| 5:21 | Create | Villager (Male) |
| 5:38 | Create | Villager (Male) |
| 6:02 | Create | Villager (Male) |
| 6:20 | Create | Villager (Male) |
| 6:52 | Build | Outpost |
| 6:54 | Create | Villager (Male) |
| 7:12 | Build | Settlement |
| 7:24 | Create | Villager (Male) |
| 7:56 | Research | Feudal Age |
| 8:07 | Research | Loom |
| 8:15 | Build | House |
| 8:17 | Build | House |
| 8:21 | Research | Feudal Age |
| 8:25 | Build | House |
| 8:34 | Build | Palisade Wall |
| 8:38 | Build | House |
| 10:02 | Create | Villager (Male) |
| 10:02 | Create | Villager (Male) |
| 10:42 | Age | Feudal Age |
| 11:30 | Build | Stone Wall |
| 11:38 | Build | Settlement |
| 11:57 | Create | Villager (Male) |
| 11:57 | Create | Villager (Male) |
| 12:11 | Build | Settlement |
| 12:12 | Create | Villager (Male) |
| 12:20 | Research | Town Watch |
| 12:30 | Build | Watch Tower |
| 12:38 | Create | Villager (Male) |
| 12:46 | Research | Double-Bit Axe |
| 13:09 | Create | Villager (Male) |
| 13:18 | Create | Villager (Male) |
| 13:40 | Create | Villager (Male) |
| 13:50 | Build | Blacksmith |
| 14:00 | Create | Villager (Male) |
| 14:20 | Research | Fletching |
| 14:41 | Build | Watch Tower |
| 14:57 | Build | Farm |
| 14:57 | Create | Villager (Male) |
| 14:58 | Create | Villager (Male) |
| 15:27 | Create | Villager (Male) |
| 15:39 | Build | Farm |
| 15:43 | Build | Watch Tower |
| 15:50 | Build | Farm |
| 15:52 | Build | Farm |
| 15:57 | Build | Farm |
| 16:05 | Create | Villager (Male) |
| 16:14 | Build | Farm |
| 16:15 | Create | Villager (Male) |
| 16:30 | Create | Villager (Male) |
| 16:32 | Create | Villager (Male) |
| 16:40 | Create | Villager (Male) |
| 16:48 | Build | Farm |
| 16:51 | Build | Farm |
| 17:28 | Create | Villager (Male) |
| 17:54 | Build | Watch Tower |
| 17:58 | Create | Villager (Male) |
| 18:07 | Build | Farm |
| 18:33 | Build | Farm |
| 18:34 | Build | Farm |
| 18:35 | Create | Villager (Male) |
| 18:52 | Create | Villager (Male) |
| 18:55 | Build | Farm |
| 19:01 | Create | Villager (Male) |
| 19:03 | Build | Farm |
| 19:18 | Build | Watch Tower |
| 19:22 | Build | Farm |
| 19:24 | Build | Farm |
| 19:35 | Create | Villager (Male) |
| 19:46 | Create | Villager (Male) |
| 19:47 | Build | Farm |
| 19:50 | Build | Farm |
| 19:55 | Build | Farm |
| 19:58 | Build | Farm |
| 19:59 | Build | Settlement |
| 20:00 | Build | Farm |
| 20:00 | Build | Farm |
| 20:00 | Build | Farm |
| 20:00 | Build | Farm |
| 20:04 | Create | Villager (Male) |
| 20:16 | Build | Farm |
| 20:17 | Build | Farm |
| 20:21 | Build | Farm |
| 20:26 | Create | Villager (Male) |
| 21:21 | Build | Market |
| 21:32 | Build | Settlement |
| 22:02 | Research | Castle Age |
| 22:14 | Build | Outpost |
| 22:38 | Build | Settlement |
| 23:00 | Research | Horse Collar |
| 23:03 | Research | Gold Mining |
| 23:07 | Research | Stone Mining |
| 23:08 | Create | Villager (Male) |
| 23:08 | Create | Villager (Male) |
| 24:42 | Age | Castle Age |
| 24:46 | Build | Castle |
| 24:49 | Build | Town Center |
| 24:56 | Research | Bodkin Arrow |
| 25:14 | Build | Town Center |
| 25:20 | Create | Villager (Male) |
| 25:24 | Research | Bow Saw |
| 25:43 | Build | Farm |
| 25:46 | Build | Farm |
| 25:59 | Create | Villager (Male) |
| 26:00 | Create | Villager (Male) |
| 26:15 | Create | Unit 2579 |
| 26:15 | Create | Unit 2579 |
| 26:17 | Build | Farm |
| 26:29 | Create | Unit 2579 |
| 26:34 | Build | Farm |
| 26:36 | Build | Farm |
| 26:40 | Build | Farm |
| 26:42 | Build | Farm |
| 26:46 | Create | Villager (Male) |
| 26:47 | Create | Villager (Male) |
| 26:49 | Build | Farm |
| 27:12 | Create | Villager (Male) |
| 27:17 | Create | Unit 2579 |
| 27:32 | Create | Villager (Male) |
| 27:41 | Create | Unit 2579 |
| 27:42 | Create | Unit 2579 |
| 27:44 | Create | Villager (Male) |
| 27:48 | Build | Farm |
| 27:50 | Build | Settlement |
| 27:53 | Build | Farm |
| 27:53 | Build | Farm |
| 27:54 | Build | Farm |
| 27:54 | Build | Farm |
| 27:54 | Build | Farm |
| 27:59 | Create | Unit 2579 |
| 28:03 | Create | Villager (Male) |
| 28:19 | Create | Villager (Male) |
| 28:21 | Build | Farm |
| 28:22 | Build | Farm |
Match timeline
| 8:13 | Corzak · age_up feudal |
| 8:34 | Jhoonas · wall_segment Palisade Wall x1 |
| 10:42 | Jhoonas · age_up feudal |
| 11:30 | Jhoonas · wall_segment Stone Wall x8 |
| 12:24 | Corzak · wall_segment Palisade Wall x1 |
| 12:29 | Corzak · wall_segment Palisade Wall x1 |
| 12:30 | Corzak · wall_segment Palisade Wall x1 |
| 12:55 | Corzak · wall_segment Palisade Wall x1 |
| 13:47 | Corzak · wall_segment Palisade Wall x1 |
| 13:49 | Corzak · wall_segment Palisade Wall x3 |
| 13:50 | Corzak · wall_segment Palisade Wall x1 |
| 18:01 | Corzak · first_market_sell 100 wood |
| 18:02 | Corzak · first_market_buy 100 food |
| 20:52 | Corzak · age_up castle |
| 21:10 | Corzak · first_building Siege Workshop |
| 21:39 | Corzak · first_building Barracks |
| 24:42 | Jhoonas · age_up castle |
| 24:46 | Jhoonas · first_building Castle |
| 25:48 | Corzak · first_building Monastery |
| 27:56 | Corzak · first_building Castle |
| 29:24 | Jhoonas · first_building Siege Workshop |
| 32:10 | Jhoonas · first_building Monastery |
| 34:51 | Corzak · age_up imperial |
| 36:02 | Jhoonas · first_market_sell 500 wood |
| 36:50 | Jhoonas · first_building Barracks |
| 37:36 | Corzak · first_building Stable |
| 39:22 | Jhoonas · age_up imperial |
| 46:30 | Jhoonas · first_market_buy 100 food |
| 53:29 | Corzak · wall_segment Stone Wall x11 |
| 56:19 | Corzak · wall_segment Stone Wall x5 |
| 57:06 | Corzak · wall_segment Stone Wall x11 |
| 61:45 | Jhoonas · resign |
[ AI ANALYSIS · 1 CREDIT ]
What really happened in this match?
Wolo.gg analyzes every decision: build order, eco, micro, common mistakes by bracket. Personalized analysis on WhatsApp or Discord in 30 seconds.
Civ guide
Koreans
Perfil
Corzak